 Dungeon Crawl Stone Soup version 0.31-a0-705-ga145531891 (webtiles) character file.

Game seed: 635581535610895145

278 qw the Shooter (level 6, -2/39 HPs)
             Began as a Gargoyle Hunter on Sept 5, 2023.
             Slain by an orc wizard
             ... wielding a +0 dagger
              (4 damage)
             ... on level 4 of the Dungeon on Sept 9, 2023.
             The game lasted 00:02:08 (3180 turns).

qw the Shooter (Gargoyle Hunter)                    Turns: 3180, Time: 00:02:08

Health: -2/39      AC:  7    Str: 14    XL:     6   Next: 26%
Magic:  6/6        EV: 11    Int: 10    God:
Gold:   213        SH:  0    Dex: 15    Spells: 5/5 levels left

rFire   . . .        Y - +0 shortbow
rCold   . . .        (shield currently unavailable)
rNeg    + + .        a - +0 ring mail
rPois   inf          (helmet restricted)
rElec   +            (no cloak)
rCorr   .            (no gloves)
SInv    .            (no boots)
Will    .....        (no amulet) Stlth
                     k - ring of positive energy
HPRegen 0.26/turn    (no ring)
MPRegen 0.10/turn

%: no passive effects
@: confused
A: sickness immunity, AC +4, negative energy resistance 1, electricity
resistance, torment resistance 1, petrification resistance, horns 1, deformed
body, MP-powered wands
a: no special abilities


You were on level 4 of the Dungeon.
You visited 1 branch of the dungeon, and saw 4 of its levels.

You collected 213 gold pieces.


Innate Abilities, Weirdness & Mutations

You are immune to sickness and miasma.
Your stone body is resilient. (AC +4)
You are immune to poison.
You resist negative energy. (rN+)
You are resistant to electric shocks. (rElec)
You are resistant to unholy torment.
You are immune to petrification.
You have a pair of small horns on your head.
Armour fits poorly on your strangely shaped body.
You expend magic power (3 MP) to strengthen your wands.


   Skills:
 - Level 4.3 Fighting
 + Level 6.1 Ranged Weapons
 - Level 1.6 Armour
 - Level 1.5 Dodging
 - Level 1.1 Stealth


You had 5 spell levels left.
You didn't know any spells.
Your spell library was empty.

Inventory:

Hand Weapons
 Y - a +0 shortbow (weapon)
Armour
 a - a +0 ring mail (worn)
Jewellery
 c - a ring of magical power
 k - a ring of positive energy (left hand)
Wands
 n - a wand of digging (2)
Scrolls
 e - a scroll of identify
Potions
 b - a potion of enlightenment
 d - a potion of degeneration {unknown}
 f - a potion of curing {unknown}
 g - a potion of mutation
 h - a potion of haste
 l - 2 potions of might
 o - a potion of cancellation {unknown}

Dungeon Overview and Level Annotations

Branches:
Dungeon (4/15)
 Temple: D:4-7

Altars:


Message History

3155 ||| FLEEEEING.
3156 ||| FLEEEEING.
3157 ||| FLEEEEING.
The orc priest calls down the wrath of Beogh upon you.
Beogh smites you!
3158 ||| FLEEEEING.
3159 ||| FLEEEEING.
3160 ||| FLEEEEING.
3161 ||| FLEEEEING.
3162 ||| FLEEEEING.
3163 ||| FLEEEEING.
3164 ||| FLEEEEING.
3165 ||| STILL FLEEEEING.
3166 ||| STILL FLEEEEING.
3167 ||| STILL FLEEEEING.
3168 ||| STILL FLEEEEING.
3169 ||| FLEEEEING.
3170 ||| FLEEEEING.
3171 ||| FLEEEEING.
Found a fizzy white potion.
You are confused.
The orc priest calls down the wrath of Beogh upon you.
Pain shoots through your body! Something hits you but does no damage.
Something hits you but does no damage. The orc hits you with a +0 club.
You hear some strange, mumbled words.
A puff of flame appears from out of thin air!
The puff of flame misses you. The orc closely misses you.
You feel less confused. Something hits you. The orc completely misses you.
You shoot an arrow. The arrow hits the orc priest.
The orc priest is moderately wounded.
An orc wizard appears from thin air!
Reactivating autopickup.
The orc priest hits you with a +0 hand axe.
The orc wizard gestures at you while chanting.
You are confused.
The orc hits you with a +0 club. The orc priest misses you.
The orc wizard hits you with a +0 dagger.
You die...

#.#.....)......#
#.#.>..........#
##.............## ####.
#####....#..........#......
#.................[<.......
#..................#.......
#..................#.......
#.............o....#...###.
####..###.....o@...###.#
###.## #.....o.<..# ..
###...#####............!..
........###.......####.....
............####### .
........##### ........#
........# ........#


You could see an orc priest, an orc wizard and an orc.

Vanquished Creatures
  A scorpion (D:4)
  Jessica (D:2)
  4 gnolls (D:3)
  4 adders
  A shadow imp (D:3)
  An ufetubus (D:4)
  2 worms (D:2)
  2 dart slugs
  15 orcs
  7 bats
  4 endoplasms
  3 giant cockroaches
  5 goblins
  6 hobgoblins
  4 jackals (D:1)
  3 quokkas
  7 ball pythons
  6 frilled lizards
  3 kobolds
  6 rats
85 creatures vanquished.

Notes
Turn   | Place    | Note
-------+----------+-------------------------------------------
     0 | D:1      | qw the Gargoyle Hunter began the quest for the Orb.
     0 | D:1      | Reached XP level 1. HP: 12/12 MP: 1/1
     0 | D:1      | 0 ||| qw: Version: 0.3-a-75-gb5c8c4b
     0 | D:1      | 0 ||| qw: Game counter: 31
     0 | D:1      | 0 ||| qw: Melee chars always use a shield: true
     0 | D:1      | 0 ||| qw: God list: Okawaru
     0 | D:1      | 0 ||| qw: Allow faded altars: false
     0 | D:1      | 0 ||| qw: Do Orc after clearing Dungeon:15 true
     0 | D:1      | 0 ||| qw: Do second Lair branch before Depths: true
     0 | D:1      | 0 ||| qw: Lair rune preference: random
     0 | D:1      | 0 ||| qw: Goals: Normal
     0 | D:1      | 0 ||| PLANNING D:1-11
     0 | D:1      | Upgraded the game from 0.31-a0-676-gec73a1986a to
                  | 0.31-a0-705-ga145531891
     0 | D:1      | 0 ||| qw: Version: 0.3-a-80-g7a812ce
     0 | D:1      | 0 ||| qw: Game counter: 32
     0 | D:1      | 0 ||| qw: Melee chars always use a shield: true
     0 | D:1      | 0 ||| qw: God list: Okawaru
     0 | D:1      | 0 ||| qw: Allow faded altars: false
     0 | D:1      | 0 ||| qw: Do Orc after clearing Dungeon:15 true
     0 | D:1      | 0 ||| qw: Do second Lair branch before Depths: true
     0 | D:1      | 0 ||| qw: Lair rune preference: random
     0 | D:1      | 0 ||| qw: Goals: Normal
     0 | D:1      | 0 ||| PLANNING D:1-11
   110 | D:1      | Reached XP level 2. HP: 17/17 MP: 2/2
   530 | D:1      | Reached XP level 3. HP: 21/21 MP: 3/3
   716 | D:1      | Reached skill level 5 in Ranged Weapons
   724 | D:1      | You fall into a shaft and drop 1 floor!
  1024 | D:2      | 1024 ||| UPGRADING to ring of positive energy.
  1025 | D:2      | 1025 ||| READING scroll labelled TOXI SUUBA.
  1026 | D:2      | 1026 ||| READING 2 scrolls labelled VENUVV JOULL.
  1027 | D:2      | 1027 ||| READING scroll labelled QYNAM TAAWNANG.
  1036 | D:2      | 1036 ||| DRINKING 2 clear potions.
  1036 | D:2      | Gained mutation: You expend magic power (3 MP) to
                  | strengthen your wands. [potion of mutation]
  1036 | D:2      | Gained mutation: Armour fits poorly on your strangely
                  | shaped body. [potion of mutation]
  1036 | D:2      | Gained mutation: You have a pair of small horns on your
                  | head. [potion of mutation]
  1037 | D:2      | 1037 ||| DRINKING 2 smoky orange potions.
  1067 | D:2      | 1067 ||| DRINKING 2 viscous yellow potions.
  1068 | D:2      | 1068 ||| DRINKING 2 smoky amethyst potions.
  1069 | D:2      | 1069 ||| DROPPING scroll of butterflies.
  1070 | D:2      | 1070 ||| DROPPING scroll of vulnerability.
  1071 | D:2      | 1071 ||| DROPPING potion of lignification.
  1072 | D:2      | 1072 ||| DROPPING potion of attraction.
  1080 | D:2      | Found a faded altar of an unknown god.
  1339 | D:2      | Reached skill level 3 in Fighting
  1427 | D:2      | Reached XP level 4. HP: 28/28 MP: 4/4
  1793 | D:2      | 1793 ||| UPGRADING to +0 ring mail.
  1803 | D:2      | 1803 ||| DROPPING +0 leather armour.
  1804 | D:2      | 1804 ||| READING scroll labelled YMOWEMP FUCU.
  1905 | D:2      | 1905 ||| READING 2 scrolls labelled PEDASI WODWUOT.
  1929 | D:3      | Noticed Jessica
  1932 | D:3      | 1932 ||| STAIRDANCE
  1960 | D:3      | 1960 ||| STAIRDANCE
  1964 | D:2      | Killed Jessica
  1965 | D:2      | Reached skill level 1 in Armour
  1965 | D:2      | 1965 ||| Stepping ~*~*~tactically~*~*~ (retreating).
  2037 | D:3      | 2037 ||| STAIRDANCE
  2084 | D:3      | Reached XP level 5. HP: 32/32 MP: 5/5
  2297 | D:3      | Reached skill level 6 in Ranged Weapons
  2897 | D:3      | 2897 ||| READING 2 scrolls labelled ZEMAUCWO QUMMY.
  2898 | D:3      | 2898 ||| READING scroll labelled XUSOSSE XAHYH.
  2899 | D:3      | 2899 ||| READING scroll labelled NAIWEOCVOO.
  2900 | D:3      | 2900 ||| READING scroll labelled COEZ WEARE.
  2901 | D:3      | 2901 ||| DRINKING 2 silvery potions.
  2902 | D:3      | 2902 ||| READING 2 scrolls of identify.
  2902 | D:3      | 2902 ||| IDENTIFYING green potion
  2903 | D:3      | 2903 ||| DROPPING scroll of poison.
  2929 | D:4      | 2929 ||| STAIRDANCE
  2935 | D:4      | 2935 ||| STAIRDANCE
  2961 | D:4      | Reached XP level 6. HP: 25/39 MP: 6/6
  2969 | D:4      | 2969 ||| STAIRDANCE
  3139 | D:4      | 3139 ||| FLEEEEING.
  3140 | D:4      | 3140 ||| FLEEEEING.
  3141 | D:4      | 3141 ||| FLEEEEING.
  3142 | D:4      | 3142 ||| FLEEEEING.
  3143 | D:4      | 3143 ||| FLEEEEING.
  3144 | D:4      | 3144 ||| FLEEEEING.
  3145 | D:4      | 3145 ||| FLEEEEING.
  3146 | D:4      | 3146 ||| FLEEEEING.
  3147 | D:4      | 3147 ||| FLEEEEING.
  3148 | D:4      | 3148 ||| FLEEEEING.
  3149 | D:4      | 3149 ||| FLEEEEING.
  3151 | D:4      | 3151 ||| FLEEEEING.
  3152 | D:4      | 3152 ||| FLEEEEING.
  3153 | D:4      | 3153 ||| FLEEEEING.
  3154 | D:4      | 3154 ||| FLEEEEING.
  3155 | D:4      | 3155 ||| FLEEEEING.
  3156 | D:4      | 3156 ||| FLEEEEING.
  3157 | D:4      | 3157 ||| FLEEEEING.
  3158 | D:4      | 3158 ||| FLEEEEING.
  3159 | D:4      | 3159 ||| FLEEEEING.
  3160 | D:4      | 3160 ||| FLEEEEING.
  3161 | D:4      | 3161 ||| FLEEEEING.
  3162 | D:4      | 3162 ||| FLEEEEING.
  3163 | D:4      | 3163 ||| FLEEEEING.
  3164 | D:4      | 3164 ||| FLEEEEING.
  3169 | D:4      | 3169 ||| FLEEEEING.
  3170 | D:4      | 3170 ||| FLEEEEING.
  3171 | D:4      | 3171 ||| FLEEEEING.
  3176 | D:4      | HP: 9/39 [orc/+0 club (5)]
  3179 | D:4      | HP: 3/39 [orc priest/+0 hand axe (5)]
  3180 | D:4      | Slain by an orc wizard

Levels and vault maps discovered:
D:1:      evilmike_arrival_grusome_pit, layout_basic, roderic_roman_lattice
D:2:      layout_basic, nicolae_ecumenical_pavilion
D:3:      layout_basic, kennysheep_cluttered_room, kennysheep_minor_cross,
          minmay_quantized, uniq_jessica
D:4:      layout_rooms, mainiacjoe_overflow_alcove_1, minmay_temple_entry_hall

Skill      XL: |  1  2  3  4  5 |
---------------+----------------+-----
Ranged Weapons | 5 6 |  6.1
Fighting       | 3 4 |  4.3
Armour         | 1 |  1.6
Dodging        | |  1.5
Stealth        | |  1.1

Action                     |  1- 3 |  4- 6 || total
---------------------------+-------+-------++-------
   Fire: Shortbow          |   136 |   173 ||   309
    Use: Potion            |     4 |     1 ||     5
         Scroll            |     3 |     7 ||    10
 Armour: Leather armour    |    30 |     1 ||    31
         Ring mail         |       |   133 ||   133
  Dodge: Dodged            |    35 |   107 ||   142

Table legend:
 A = Non-vault XP
 B = Vault XP
 C = Vault XP percentage of total XP
 D = Non-vault monster count
 E = Vault monster count
 F = Vault count percentage of total count
                 A         B        C        D         E       F
            +---------+---------+-------+---------+---------+-------
      Total |     342 |      56 |  14.1 |      80 |       5 |   5.9
            +---------+---------+-------+---------+---------+-------
        D:1 |      42 |       0 |   0.0 |      25 |       0 |   0.0
        D:2 |      83 |      37 |  30.8 |      33 |       1 |   2.9
        D:3 |     102 |      19 |  15.7 |      15 |       4 |  21.1
        D:4 |     115 |       0 |   0.0 |       7 |       0 |   0.0
            +---------+---------+-------+---------+---------+-------
